 Dungeon Crawl Stone Soup version bcrawl-1.19.2-6-g6a88ae04c9 (webtiles) character file.

Game seed: 5118765898685090398

382 Mrkan the Chopper (level 6, 0/56 HPs)
             Began as a Minotaur Fighter on Jan 7, 2020.
             Killed by divine providence
             ... invoked by an orc priest
              (14 damage)
             ... on level 4 of the Dungeon.
             The game lasted 00:03:15 (2762 turns).

Mrkan the Chopper (Minotaur Fighter)                Turns: 2762, Time: 00:03:16

Health: 0/56       AC:  8    Str: 25    XL:     6   Next: 47%
Magic:  5/5        EV:  8    Int:  5    God:
Gold:   301        SH: 10    Dex: 12    Spells: 5/5 levels left

rFire    . . .     SeeInvis .   a - +0 war axe
rCold    . . .     Gourm    .   c - +0 shield
rNeg     . . .     Faith    .   b - +0 scale mail
rPois    .         Spirit   .   (helmet restricted)
rElec    .         Reflect  .   (no cloak)
rCorr    .         Harm     .   m - +0 pair of gloves
MR       .....                  (no boots)
Stlth    ..........             (no amulet)
HPRegen  0.18/turn              (no ring)
MPRegen  0.09/turn              (no ring)

@: mighty
A: retaliatory headbutt, horns 2
a: no special abilities


You were on level 4 of the Dungeon.
You were not hungry.

You visited 1 branch of the dungeon, and saw 4 of its levels.

You collected 301 gold pieces.

Inventory:

Hand Weapons
 a - a +0 war axe (weapon)
Armour
 b - a +0 scale mail (worn)
 c - a +0 shield (worn)
 m - a +0 pair of gloves (worn)
Jewellery
 r - a +3 ring of slaying {unknown}
Wands
 t - a wand of flame (17)
Scrolls
 g - a scroll of immolation {unknown}
 h - a scroll of enchant weapon {unknown}
 j - 3 scrolls of identify {unknown}
 k - 2 scrolls of enchant armour {unknown}
 l - a scroll of fear {unknown}
 n - 2 scrolls of remove curse {unknown}
 o - 2 scrolls of magic mapping {unknown}
 p - 2 scrolls of blinking {unknown}
Potions
 d - a potion of might
 e - a potion of heal wounds {unknown}
 i - a potion of lignification {unknown}
 s - a potion of resistance {unknown}
 u - a potion of brilliance {unknown}
Comestibles
 f - 4 rations {!d}
 q - 2 chunks of flesh


   Skills:
 + Level 5.1 Fighting
 * Level 5.6 Axes
 + Level 5.0 Armour
 + Level 5.0 Shields


You had 5 spell levels left.
You didn't know any spells.
Your spell library was empty.

Dungeon Overview and Level Annotations

Branches:
Dungeon (4/12)
 Temple: D:4-7

Altars:
Elyvilon
Yredelemnul

Annotations:
D:3 1 runed door


Innate Abilities, Weirdness & Mutations

You reflexively headbutt those who attack you in melee.
You have a pair of horns on your head.


Message History

The orc priest mumbles some strange prayers to Beogh against you.
Beogh smites you!
* * * LOW HITPOINT WARNING * * *
You hit the orc wizard.
The orc wizard is moderately wounded.
The orc wizard hits you but does no damage.
You block the orc wizard's attack.
You slash the orc wizard!
You kill the orc wizard!
You block the orc's attack.
You slash the orc!
You kill the orc!
You block the orc's attack.
You feel very mighty all of a sudden.
You hit the orc. Your headbutt misses the orc.
The orc is lightly wounded.
You block the orc's attack.
The orc priest calls down the wrath of Beogh upon you.
Beogh smites you!
You die...

###########
#.........##
#.#.##.##.#.
##########.#.##<##.#.
#...@oo##.......#..#.
#.####.##..#.#..)#.#.
# #.o)..............
#.#.##.####.#...#.
#.......##......##.##.
#.......##########.# .
#.###.#.# #.# . #
..#.# #.# . #.##.# ...
>


You could see an orc priest and an orc.

Vanquished Creatures
  3 wights (D:3)
  An orc priest (D:4)
  An orc wizard (D:4)
  Natasha (twice) (D:3)
  A worker ant (D:4)
  3 gnolls (D:4)
  2 adders (D:3)
  4 worms
  2 leopard geckos
  6 orcs
  2 giant cockroaches (D:2)
  5 goblins
  5 hobgoblins
  14 jackals
  7 kobolds
  2 quokkas
  4 bats
  5 frilled lizards
  4 rats
73 creatures vanquished.

Notes
Turn   | Place    | Note
-------+----------+-------------------------------------------
     0 | D:1      | Mrkan the Minotaur Fighter began the quest for the Orb.
     0 | D:1      | Reached XP level 1. HP: 19/19 MP: 0/0
   260 | D:1      | Reached XP level 2. HP: 27/27 MP: 1/1
  1130 | D:2      | Reached XP level 3. HP: 33/33 MP: 2/2
  1547 | D:3      | Reached XP level 4. HP: 31/40 MP: 3/3
  1687 | D:3      | Found a white marble altar of Elyvilon.
  1687 | D:3      | Noticed an angel
  1688 | D:3      | Found a runed door.
  1803 | D:3      | Reached XP level 5. HP: 46/47 MP: 4/4
  1822 | D:3      | Noticed Natasha
  1829 | D:3      | Killed Natasha
  1829 | D:3      | Reached skill level 5 in Axes
  1883 | D:3      | Noticed Natasha
  1890 | D:3      | Killed Natasha
  1892 | D:3      | Reached XP level 6. HP: 30/55 MP: 5/5
  2052 | D:3      | Found a white marble altar of Elyvilon.
  2299 | D:3      | Found a basalt altar of Yredelemnul.
  2485 | D:4      | HP: 2/55 [poisoned by a worker ant]
  2713 | D:4      | Reached skill level 5 in Fighting
  2744 | D:4      | Reached skill level 5 in Armour
  2744 | D:4      | Reached skill level 5 in Shields
  2762 | D:4      | Killed from afar by an orc priest

Skill      XL: |  1  2  3  4  5  6 |
---------------+-------------------+-----
Axes           | 3 4 5 |  5.6
Armour         | 4 5 |  5.0
Fighting       | 4 5 |  5.1
Shields        | 4 5 |  5.0

Action                   |  1- 3 |  4- 6 || total
-------------------------+-------+-------++-------
Melee: War axe           |    86 |    68 ||   154
       Headbutt          |    18 |     9 ||    27
  Use: Potion            |       |     2 ||     2
  Eat: Chunk             |     2 |     4 ||     6
Armor: Scale mail        |    37 |    42 ||    79
Dodge: Dodged            |    16 |    21 ||    37
Block: Shield            |    43 |    42 ||    85
